 Dungeon Crawl Stone Soup version 0.17-a0-2073-gde5cdba (webtiles) character file.

90235 4thArraOfDagon the Brawler (level 15, -2/130 HPs)
             Began as a Ghoul Gladiator on Oct 13, 2015.
             Was the Champion of Cheibriados.
             Killed by Shatter
             ... invoked by Jorgrun
              (43 damage)
             ... on level 3 of the Swamp on Oct 14, 2015.
             The game lasted 01:02:58 (9989 turns).

4thArraOfDagon the Brawler (Ghoul Gladiator)        Turns: 9989, Time: 01:02:58

Health: -2/130     AC: 27    Str: 51    XL:     15   Next: 56%
Magic:  21/21      EV: 23    Int: 23    God:    Cheibriados [******]
Gold:   267        SH: 17    Dex: 26    Spells: 2 memorised, 10 levels left

rFire  + . .     SeeInvis .       - Unarmed
rCold  + + .     Clarity  .     Q - +7 ring mail of the Ladybird {Str+8 Dex+2}
rNeg   + + +     SustAt   .     x - +1 shield {AC+3}
rPois  ∞         Gourm    .     y - +0 helmet of Lugonu's Reproof {Str+4}
rElec  +         Spirit   .     L - +2 cloak of Pride {rElec rC+ MR+}
rCorr  .         Warding  .     G - +1 pair of gloves {Str+3}
rMut   .         Stasis   .     J - +2 pair of boots {rF+}
MR     ++...                    (no amulet)
Stlth  +.........               V - ring of wizardry
                                M - ring of stealth

@: rotting, very slow, very resistant to hostile enchantments, very unstealthy
A: rotting body, claws 1, carnivore 3, cold resistance 1, negative energy
resistance 3, slow regeneration 1, torment resistance, unbreathing
a: Bend Time, Temporal Distortion, Slouch, Step From Time, Renounce Religion
}: 1/15 runes: decaying


You were on level 3 of the Swamp.
You worshipped Cheibriados.
Cheibriados was exalted by your worship.
You were not hungry.

You visited 5 branches of the dungeon, and saw 28 of its levels.
You also visited: Ossuary, Ice Cave and Volcano.

You collected 2328 gold pieces.
You spent 2061 gold pieces at shops.

Inventory:

Hand Weapons
 g - a +1 vampiric war axe
Missiles
 j - a steel javelin (quivered)
 q - 2 javelins
Armour
 b - the +3 chain mail "Koek" {rC+}
   (You found it in an ice cave)

   It protects you from cold.
 x - a +1 shield of protection (worn)
 y - the +0 helmet of Lugonu's Reproof (worn) {Str+4}
   (You bought it in a shop on level 4 of the Orcish Mines)

   It affects your strength (+4).
 A - the +2 buckler "Betith" {rF+ rC- SInv}
   (You bought it in a shop on level 15 of the Dungeon)

   It protects you from fire.
   It makes you vulnerable to cold.
   It lets you see invisible.
 F - a +0 pair of boots of flying
 G - a +1 pair of gloves of strength (worn)
 J - a +2 pair of boots of fire resistance (worn)
 L - the +2 cloak of Pride (worn) {rElec rC+ MR+}
   (You bought it in a shop on level 3 of the Orcish Mines)

   It protects you from cold.
   It insulates you from electricity.
   It affects your resistance to hostile enchantments.
 O - an ice dragon hide
 Q - the +7 ring mail of the Ladybird (worn) {Str+8 Dex+2}
   (You found it on level 11 of the Dungeon)

   It affects your strength (+8).
   It affects your dexterity (+2).
Jewellery
 c - an uncursed ring of sustain attributes
 M - a ring of stealth (left hand)
 T - an uncursed ring of teleportation
 V - a ring of wizardry (right hand)
Wands
 i - a wand of fire (7)
 n - a wand of digging (12)
 s - a wand of frost (12)
 K - a wand of polymorph (8)
 R - a wand of confusion (20)
 S - a wand of cold (8)
 W - a wand of paralysis (12)
Scrolls
 k - 4 scrolls of fog
 u - 4 scrolls of teleportation
 U - a scroll of remove curse
 X - a scroll of fear {unknown}
 Y - a scroll of magic mapping
Potions
 e - a potion of cancellation
 f - 2 potions of brilliance
 h - 2 potions of might {unknown}
 l - 4 potions of berserk rage {unknown}
 o - 7 potions of curing
 r - a potion of poison
 t - 2 potions of agility {unknown}
 v - a potion of invisibility
 w - 6 potions of haste
 z - 3 potions of resistance
 B - a potion of cure mutation
 D - 2 potions of flight
 E - 2 potions of lignification
 H - a potion of heal wounds
Miscellaneous
 m - a plain deck of summoning
 p - a plain deck of destruction
 C - a phial of floods
 I - a stone of tremors
Comestibles
 a - 6 beef jerkies
 d - 3 meat rations
 N - 2 royal jellies
 P - 6 chunks of flesh


   Skills:
 + Level 11.3 Fighting
 - Level 1.7 Throwing
 + Level 9.4 Armour
 * Level 11.0 Dodging
 + Level 9.9 Shields
 * Level 15.1 Unarmed Combat
 - Level 9.4 Invocations
 * Level 4.8 Evocations


You had 10 spell levels left.
You knew the following spells:

 Your Spells              Type           Power        Failure   Level  Hunger
a - Repel Missiles        Chrm/Air       #.....       26%         2    ###....
b - Blink                 Tloc           N/A          26%         2    ###....


Dungeon Overview and Level Annotations

Branches:
Dungeon (15/15)            Temple (1/1) D:5            Lair (4/8) D:10
  Swamp (4/4) Lair:4          Orc (4/4) D:12            Elf (0/3) Orc:4
 Depths (0/5) D:15
  Snake: Lair:3-6    Spider: Lair:3-6    Vaults: D:13-14

Altars:
Ashenzari
Cheibriados
Dithmenos
Elyvilon
Fedhas
Kikubaaqudgha
Makhleb
Nemelex Xobeh
Qazlal
Ru
Sif Muna
Trog
Xom
Beogh

Shops:
D:4 *   D:9 (   D:15 *   Orc:3 [   Orc:4 (:*[

Portals:
Trove: D:12 (give wand of hasting (9))

Annotations:
D:3 4thArraOfDagon's ghost, weakling MiGl
Swamp:3 Jorgrun


Innate Abilities, Weirdness & Mutations

Your body is rotting away.
You thrive on raw meat.
You are immune to poison.
You have sharp fingernails.
You are carnivorous and can eat meat at any time.
Your flesh is cold resistant.
You are immune to negative energy.
You regenerate slowly when monsters are visible.
You are immune to unholy pain and torment.
You can survive without breathing.


Message History

Ka-crash!
Unknown command.
Jorgrun mumbles some strange words.
The dungeon rumbles around Jorgrun!
You shudder from the earth-shattering force.
Ka-crash!
Unknown command.
Unknown command.
Jorgrun casts a spell.
The dungeon rumbles around Jorgrun!
You shudder from the earth-shattering force.
Ka-crash!
Unknown command.
Unknown command.
You enter the shallow water.
Moving in this stuff is going to be slow.
Jorgrun casts a spell.
The dungeon rumbles around Jorgrun!
You shudder from the earth-shattering force.
You die...

≈≈.♣ ≈≈≈...♣♣ ≈≈≈♣
♣♣♣♣≈≈≈..≈≈.♣♣ ≈≈.♣
≈.≈≈≈≈.≈≈≈..♣ ≈≈.♣
..≈≈≈..§≈≈..♣♣♣♣♣ ≈..♣
≈.≈≈..≈.....).≈♣♣ ...♣♣♣♣♣♣
♣♣♣♣.≈<≈♣♣.....≈≈≈♣
.≈.≈♣.≈≈♣≈♣≈≈≈♣≈≈≈.<..≈♣.≈≈.♣
.≈≈.♣..≈≈≈≈♣≈≈≈≈.≈≈≈.♣♣♣.≈≈.♣
.≈≈.♣♣≈≈.≈≈).≈≈≈@≈≈≈≈≈≈..≈≈≈♣
≈≈≈>.≈≈≈≈..≈.♣≈≈≈.≈.≈≈≈≈≈≈≈≈♣
≈≈≈.≈≈≈≈≈≈≈≈≈≈≈..≈≈...≈≈≈≈≈.♣
.≈.♣.≈≈≈≈≈≈≈≈≈≈≈..≈≈≈≈.§≈§.≈♣
♣♣♣♣.≈≈≈≈§.≈≈≈≈≈.♣§≈♣♣♣....♣♣
♣♣..§...≈§g..≈♣♣♣♣ ♣≈.≈.≈♣
♣♣≈♣≈≈.......§ ♣♣...♣♣
♣♣♣♣♣≈≈.≈.≈... ♣♣♣♣♣
♣≈♣≈≈≈≈..♣


You could see Jorgrun.

Vanquished Creatures
  Rupert (Orc:2)
  Frances (D:13)
  2 thorn hunters (Swamp:4)
  2 orc warlords (Orc:4)
  A very ugly thing (Swamp:4)
  Azrael (D:12)
  A vault guard (D:12)
  Josephine (Orc:2)
  Fannar (D:11)
  11 hydras
  2 ice dragons (D:15)
  A rakshasa (D:15)
  A centaur warrior (D:15)
  A catoblepas (D:15)
  A tengu warrior (D:13)
  An alligator (Swamp:4)
  An orc high priest (Orc:4)
  Urug (Orc:4)
  A spriggan (Swamp:4)
  7 swamp dragons
  2 ice statues (IceCv)
  A shambling mangrove (Swamp:4)
  2 hill giants
  5 cyclopes
  5 orc sorcerers
  5 orc knights
  4 centaur zombies
  7 ugly things
  A griffon (D:15)
  Maurice (D:12)
  2 spiny frogs
  2 toenail golems (Volcano)
  A guardian serpent (D:11)
  A manticore (D:14)
  3 komodo dragons
  A redback zombie (D:15)
  An efreet (D:15)
  2 kobold demonologists
  3 two-headed ogres
  4 trolls
  A giant leech (Swamp:4)
  A wind drake (shapeshifter) (D:15)
  6 blink frogs
  2 bog bodies
  13 slime creatures
  Sigmund (D:6)
  A wyvern (D:15)
  3 fire elementals (D:12)
  3 shadows (D:12)
  3 hippogriffs
  6 wraiths
  A steam dragon (D:12)
  19 yaks
  Grum (D:11)
  21 vampire mosquitoes
  5 swamp worms
  Menkaure (D:7)
  4 wolves (D:11)
  7 wargs
  12 insubstantial wisps
  4 humans (Volcano)
  A mottled dragon (D:10)
  Duvessa (D:7)
  A water moccasin (Lair:3)
  8 ice beasts
  3 sky beasts
  3 necrophages
  28 orc warriors
  4 wasps
  10 swamp drakes (Swamp:4)
  3 boggarts (D:14)
  3 hell hounds (D:12)
  2 phantoms
  A black bear (D:12)
  9 ogres
  2 crocodiles
  12 giant frogs
  3 centaurs
  Blork the orc (Orc:4)
  3 big kobolds
  Dowan (D:7)
  A scorpion (D:6)
  5 wights (D:7)
  5 killer bees (D:9)
  3 electric eels
  A vampire bat (Orc:3)
  7 crimson imps
  2 giant frog zombies
  24 orc priests
  A jelly (D:11)
  A giant frog skeleton (D:6)
  28 orc wizards
  A quasit (D:7)
  2 centaur skeletons
  A gnoll shaman (D:4)
  13 iguanas
  6 hounds
  8 worker ants
  2 sheep (D:13)
  2 hound zombies
  A hound skeleton (D:4)
  2 mummies
  6 gnolls
  8 adders
  3 river rats (Lair:1)
  4 shadow imps
  12 white imps (D:13)
  An ooze (D:4)
  An adder skeleton (D:7)
  2 worms
  4 giant geckos
  133 orcs
  2 giant cockroaches
  3 gnoll zombies (Ossuary)
  2 goblins (D:3)
  2 hobgoblins
  2 jackals (D:3)
  10 kobolds
  5 quokkas
  A ball python skeleton (D:5)
  11 bats
  A giant gecko zombie (D:7)
  3 giant newts
  2 goblin zombies (Ossuary)
  2 hobgoblin zombies (Ossuary)
  4 orc zombies (Ossuary)
  2 quokka skeletons
  7 rats
  A fungus (Lair:4)
656 creatures vanquished.

Vanquished Creatures (others)
  An orc (Orc:4)
  5 fungi (D:6)
6 creatures vanquished.

Grand Total: 662 creatures vanquished

Notes
Turn   | Place    | Note
--------------------------------------------------------------
     0 | D:1      | 4thArraOfDagon the Ghoul Gladiator began the quest for the Orb.
     0 | D:1      | Reached XP level 1. HP: 17/17 MP: 0/0
    77 | D:2      | Reached XP level 2. HP: 22/24 MP: 1/1
   142 | D:3      | Reached skill level 4 in Unarmed Combat
   142 | D:3      | Reached XP level 3. HP: 24/30 MP: 2/2
   249 | D:3      | Noticed 4thArraOfDagon's ghost (weakling MiGl)
   318 | D:4      | Noticed a phantom
   343 | D:4      | Reached skill level 1 in Armour
   357 | D:4      | Found Cimnuv's Assorted Antiques.
   368 | D:4      | Reached XP level 4. HP: 37/37 MP: 3/3
   369 | D:4      | Bought a bubbling blue potion for 18 gold pieces
   447 | D:4      | Killed a phantom
   447 | D:4      | Reached XP level 5. HP: 43/45 MP: 4/4
   511 | D:4      | Reached skill level 5 in Unarmed Combat
   576 | D:4      | Reached XP level 6. HP: 24/51 MP: 5/5
   657 | D:4      | Found a shadowy altar of Dithmenos.
   674 | D:4      | Found a sand-covered staircase.
   684 | Ossuary  | Entered an ossuary
   895 | D:5      | Entered Level 5 of the Dungeon
   961 | D:5      | Reached skill level 6 in Unarmed Combat
   961 | D:5      | Reached XP level 7. HP: 39/59 MP: 6/6
  1092 | D:5      | Found a staircase to the Ecumenical Temple.
  1153 | Temple   | Entered the Ecumenical Temple
  1220 | Temple   | Became a worshipper of Cheibriados the Contemplative
  1428 | D:6      | Reached skill level 7 in Unarmed Combat
  1428 | D:6      | Reached skill level 1 in Invocations
  1428 | D:6      | Reached XP level 8. HP: 29/65 MP: 7/7
  1496 | D:6      | Noticed Sigmund
  1511 | D:6      | Killed Sigmund
  1511 | D:6      | Reached skill level 5 in Fighting
  1671 | D:7      | Reached * piety under Cheibriados
  1779 | D:7      | Reached skill level 8 in Unarmed Combat
  1886 | D:8      | Reached skill level 5 in Dodging
  1886 | D:8      | Reached XP level 9. HP: 54/74 MP: 8/10
  1891 | D:8      | Noticed a two-headed ogre
  1899 | D:8      | Killed a two-headed ogre
  2086 | D:7      | Reached ** piety under Cheibriados
  2152 | D:7      | Reached skill level 9 in Unarmed Combat
  2201 | D:7      | Noticed Duvessa
  2201 | D:7      | Noticed Dowan
  2211 | D:7      | Noticed Menkaure
  2217 | D:7      | Killed Duvessa
  2225 | D:7      | Killed Menkaure
  2254 | D:7      | Killed Dowan
  2388 | D:4      | Bought a fuming white potion for 18 gold pieces
  2388 | D:4      | Bought an orange potion for 18 gold pieces
  2388 | D:4      | Bought 2 fuming sapphire potions for 36 gold pieces
  2388 | D:4      | Bought a pair of embroidered boots for 90 gold pieces
  2388 | D:4      | Bought a scroll of identify for 40 gold pieces
  2531 | D:7      | Noticed a hippogriff
  2539 | D:7      | Killed a hippogriff
  2539 | D:7      | Reached skill level 5 in Armour
  2758 | D:10     | Entered Level 10 of the Dungeon
  2823 | D:9      | Found Daasuely's Weapon Shop.
  2907 | D:9      | Reached *** piety under Cheibriados
  2921 | D:9      | Reached XP level 10. HP: 77/83 MP: 12/12
  2951 | D:9      | Reached skill level 1 in Shields
  3181 | D:11     | why
  3183 | D:11     | Reached skill level 10 in Unarmed Combat
  3183 | D:11     | Reached skill level 5 in Invocations
  3196 | D:11     | Noticed a white ugly thing
  3298 | D:10     | Noticed a centaur warrior
  3424 | D:12     | Noticed a vault guard
  3442 | D:12     | Killed a vault guard
  3454 | D:12     | Found a portal to a secret trove of treasure.
  3560 | D:11     | Reached **** piety under Cheibriados
  3563 | D:11     | Noticed Grum
  3609 | D:12     | Noticed a cyclops
  3628 | D:12     | Reached XP level 11. HP: 82/91 MP: 14/14
  3632 | D:12     | Killed a cyclops
  3707 | D:12     | Found a staircase to the Orcish Mines.
  3734 | D:12     | Noticed a hill giant
  3759 | Orc:1    | Entered Level 1 of the Orcish Mines
  3770 | Orc:1    | Reached skill level 11 in Unarmed Combat
  3850 | Orc:1    | Found a dark tunnel.
  3862 | Volcano  | Entered a volcano
  3979 | Volcano  | Reached skill level 5 in Shields
  4281 | Orc:2    | Found a roughly hewn altar of Beogh.
  4288 | Orc:2    | Noticed Josephine
  4332 | Orc:2    | Killed Josephine
  4399 | Orc:2    | Noticed Rupert
  4403 | Orc:1    | Found a burning altar of Makhleb.
  4540 | Orc:3    | Reached ***** piety under Cheibriados
  4603 | Orc:3    | Found Jeyhoj's Antique Armour Boutique.
  4613 | Orc:3    | Bought a pair of embroidered gloves for 126 gold pieces
  4613 | Orc:3    | Bought a transparent cloak for 266 gold pieces
  4623 | Orc:3    | Identified the +2 cloak of Pride {rElec rC+ MR+} (You bought it in a shop on level 3 of the Orcish Mines)
  4633 | Orc:3    | Bought a brightly glowing chain mail for 266 gold pieces
  4651 | Orc:3    | Identified the +7 chain mail "Weuvoeje" {SInv} (You bought it in a shop on level 3 of the Orcish Mines)
  4740 | Orc:4    | Entered Level 4 of the Orcish Mines
  4934 | Orc:4    | Found a roughly hewn altar of Beogh.
  4984 | Orc:4    | Found a staircase to the Elven Halls.
  5217 | Orc:4    | Noticed Urug
  5219 | Orc:4    | Noticed an orc knight
  5244 | Orc:4    | Killed an orc knight
  5308 | Orc:4    | Noticed an orc high priest
  5317 | Orc:4    | :/
  5323 | Orc:4    | Killed an orc high priest
  5323 | Orc:4    | Reached XP level 12. HP: 79/102 MP: 16/16
  5363 | Orc:4    | Noticed an orc warlord
  5364 | Orc:4    | Noticed an orc knight
  5525 | Orc:4    | Killed an orc knight
  5525 | Orc:4    | Reached skill level 12 in Unarmed Combat
  5633 | Orc:4    | Killed an orc warlord
  5733 | Orc:4    | Noticed Blork the orc
  5749 | Orc:4    | Killed Blork the orc
  5783 | Orc:4    | Killed Urug
  5799 | Orc:4    | Found a roughly hewn altar of Beogh.
  5818 | Orc:4    | Found Areoshryk's Book Boutique.
  5853 | Orc:4    | Found Wakeaqid's Antique Weapon Boutique.
  5859 | Orc:4    | Found Reagre's General Store.
  5867 | Orc:4    | Bought a potion of curing for 42 gold pieces
  5867 | Orc:4    | Bought a scroll of teleportation for 42 gold pieces
  5867 | Orc:4    | Bought a scroll of teleportation for 42 gold pieces
  5876 | Orc:4    | Found Ziton's Antique Armour Boutique.
  5883 | Orc:4    | Bought a runed shield for 117 gold pieces
  5883 | Orc:4    | Bought a transparent helmet for 247 gold pieces
  5893 | Orc:4    | Identified the cursed +0 helmet of Lugonu's Reproof {Str+4} (You bought it in a shop on level 4 of the Orcish Mines)
  6003 | Orc:4    | Noticed an orc warlord
  6016 | Orc:4    | Killed an orc warlord
  6286 | Orc:2    | Killed Rupert
  6286 | Orc:2    | Reached XP level 13. HP: 60/111 MP: 10/18
  6635 | Orc:4    | Bought a faintly glowing chain mail for 247 gold pieces
  6734 | D:12     | Killed a hill giant
  6734 | D:12     | Reached skill level 13 in Unarmed Combat
  6805 | D:12     | Noticed Maurice
  6813 | D:12     | Killed Maurice
  7006 | D:13     | Noticed Frances
  7026 | D:13     | Killed Frances
  7089 | D:13     | Found a frozen archway.
  7115 | IceCv    | Entered an ice cave
  7219 | IceCv    | Got a jewelled chain mail
  7362 | D:15     | Entered Level 15 of the Dungeon
  7474 | D:15     | Found a staircase to the Depths.
  7501 | D:15     | Found a white marble altar of Elyvilon.
  7527 | D:15     | Reached skill level 10 in Fighting
  7548 | D:15     | Found Zoorasy's Assorted Antiques.
  7557 | D:15     | Bought a white potion for 38 gold pieces
  7599 | D:15     | Reached XP level 14. HP: 116/121 MP: 19/19
  7825 | D:15     | Learned a level 2 spell: Repel Missiles
  7828 | D:15     | Learned a level 2 spell: Blink
  7873 | D:14     | Reached skill level 14 in Unarmed Combat
  8125 | D:15     | Bought a jewelled buckler for 408 gold pieces
  8141 | D:15     | Identified the +2 buckler "Betith" {rF+ rC- SInv} (You bought it in a shop on level 15 of the Dungeon)
  8178 | D:15     | Identified the +5 chain mail of the Storm King {rPois} (You bought it in a shop on level 4 of the Orcish Mines)
  8188 | D:15     | Identified the +3 chain mail "Koek" {rC+} (You found it in an ice cave)
  8364 | D:12     | Noticed Azrael
  8371 | D:12     | Killed Azrael
  8391 | D:12     | Reached ****** piety under Cheibriados
  8453 | D:11     | Killed a white ugly thing
  8465 | D:11     | Noticed a guardian serpent
  8473 | D:11     | Killed a guardian serpent
  8491 | D:11     | Got a shimmering ring mail
  8513 | D:11     | Killed Grum
  8570 | D:11     | Identified the +7 ring mail of the Ladybird {Str+8 Dex+2} (You found it on level 11 of the Dungeon)
  8582 | D:11     | Noticed Fannar
  8603 | D:11     | Killed Fannar
  8654 | D:10     | Noticed a komodo dragon
  8662 | D:10     | Noticed a komodo dragon
  8664 | D:10     | Reached skill level 10 in Dodging
  8665 | D:10     | Killed a komodo dragon
  8672 | D:10     | Killed a komodo dragon
  8672 | D:10     | Reached skill level 1 in Evocations
  8702 | D:10     | Found a staircase to the Lair.
  8737 | Lair:1   | Entered Level 1 of the Lair of Beasts
  9038 | Lair:4   | Found a staircase to the Swamp.
  9085 | Swamp:1  | Entered Level 1 of the Swamp
  9430 | Swamp:4  | Entered Level 4 of the Swamp
  9465 | Swamp:4  | Upgraded the game from 0.17-a0-2069-g0f4ee5b to 0.17-a0-2073-gde5cdba
  9518 | Swamp:4  | Reached XP level 15. HP: 126/128 MP: 21/21
  9538 | Swamp:4  | Noticed a thorn hunter
  9556 | Swamp:4  | Killed a thorn hunter
  9591 | Swamp:4  | Noticed a purple very ugly thing
  9604 | Swamp:4  | Killed a purple very ugly thing
  9621 | Swamp:4  | Noticed a thorn hunter
  9756 | Swamp:4  | Reached skill level 15 in Unarmed Combat
  9758 | Swamp:4  | Killed a thorn hunter
  9951 | Swamp:4  | Got a decaying rune of Zot
  9983 | Swamp:3  | Noticed Jorgrun
  9989 | Swamp:3  | Killed from afar by Jorgrun

Vault maps used:
D:1:      lightli_arrival_boilingwater, grunt_decor_arrowhead,
          okawaru_ov_weapons_minmay
D:2:      first_bread
D:3:      nicolae_overflow_hidden_temple
D:4:      serial_shops, nicolae_shop_trees, gup_ossuary_entry_pyramid,
          grunt_dithmenos_smoke
D:5:      wad_pebble_path, minmay_temple_entry_glass, uniq_crazy_yiuf_cottage
D:6:      old_forge, uniq_sigmund
D:7:      vehumet_statue, lemuel_zombie_altar_yredelemnul, grunt_livestock,
          uniq_menkaure, uniq_duvessa
D:8:      grunt_temple_overflow_gold_and_silver,
          gammafunk_temple_overflow_pools, serial_shops, shop_fountains
D:9:      serial_shops, shop
D:10:     erik_lair_dragon, nicolae_water_bricks, hangedman_corner_corridor
D:11:     nrook_guardian_serpent_double, uniq_grum, uniq_fannar, uniq_psyche
D:12:     orc_0_dummy, enter_trove_5, uniq_azrael, uniq_maurice
D:13:     david_vaults_4, basic_altar, portal_ice_cave_entry_imps, uniq_frances
D:14:     infiniplex_staircase_zigzag_2
D:15:     grunt_enter_depths_hoard, grunt_decor_mini_mirrors, basic_altar,
          special_room, serial_shops, shop, minmay_misc_feat_pillars
Temple:   chambers_temple_12
Lair:1:   kennysheep_snail_temple
Lair:3:   guppyfry_snake_entry_garden, serial_bayou_pond_b
Lair:4:   minmay_swamp_entry_swarm, serial_bayou, serial_bayou_lake_a,
          serial_bayou_ford_a, serial_bayou_lagoon_b, serial_bayou_pond_d,
          beast_lair_carwin_11
Swamp:1:  evilmike_swamp_ruin_rubble_2, infiniplex_staircase_pool
Swamp:2:  serial_swamp_ruin, evilmike_swamp_ruin_house_1,
          evilmike_swamp_ruin_house_5
Swamp:3:  evilmike_swamp_ruin_wall, infiniplex_staircase_pool_2, uniq_jorgrun
Swamp:4:  swamp
Orc:1:    nicolae_volcano_entry_lava_flow, basic_altar
Orc:2:    basic_altar, nicolae_orc_pool_cavern, uniq_rupert, uniq_josephine
Orc:3:    serial_shops, shop, roderic_batcave
Orc:4:    grunt_orc_cross, nicolae_orc_lost_temple
Ossuary:  ossuary_zaba_two_paths
IceCv:    ice_cave_statue_garden_01
Volcano:  volcano_bunker

Action                   |  1- 3 |  4- 6 |  7- 9 | 10-12 | 13-15 || total
-------------------------+-------+-------+-------+-------+-------++-------
Melee: Unarmed           |    69 |   160 |   407 |   849 |  1159 ||  2644
Throw: Throwing net      |       |     1 |     4 |     1 |       ||     6
       Javelin           |       |       |       |     6 |     1 ||     7
 Cast: Repel Missiles    |       |       |       |       |     1 ||     1
Invok: Temporal Distorti |       |       |       |     4 |     2 ||     6
       Bend Time         |       |       |       |     3 |       ||     3
       Slouch            |       |       |       |    11 |     8 ||    19
 Abil: Stop Flying       |       |       |     1 |       |       ||     1
Evoke: Wand              |       |       |       |       |     2 ||     2
  Use: Potion            |       |     1 |       |     1 |     4 ||     6
       Scroll            |       |       |     6 |    11 |    12 ||    29
 Stab: Held in net/web   |       |     2 |     2 |     1 |       ||     5
       Sleeping          |       |       |       |     1 |     2 ||     3
       Invisible         |       |       |       |       |     3 ||     3
  Eat: Chunk             |     3 |     9 |    17 |    70 |    43 ||   142
